 Dungeon Crawl Stone Soup version 0.25.1-2-g60ff931df9 (webtiles) character file.

Game seed: 16117031402354025232

106005 dyspepsi the Markscentaur (level 15, -5/134 HPs)
             Began as a Centaur Hunter on Aug 4, 2020.
             Was the Champion of Okawaru.
             Slain by a harpy simulacrum (7 damage)
             ... on level 15 of the Dungeon.
             The game lasted 03:08:37 (47815 turns).

dyspepsi the Markscentaur (Centaur Hunter)         Turns: 47815, Time: 03:08:37

Health: -5/134     AC: 27    Str: 22    XL:     15   Next: 96%
Magic:  0/30       EV:  7    Int: 13    God:    Okawaru [******]
Gold:   2062       SH:  0    Dex: 21    Spells: 14/14 levels left

rFire    + . .     SeeInvis +   b - +6 short sword of Charity {venom, rPois Str+3}
rCold    + . .     Gourm    .   (no shield)
rNeg     . . .     Faith    .   S - +5 ring mail "Ziusch" {MR++ MP+9}
rPois    +         Spirit   +   F - +2 hat
rElec    +         Reflect  .   G - +0 cloak
rCorr    +         Harm     .   y - +1 pair of gloves of Yloatol {Int+3}
MR       ++++.                  w - +4 centaur barding "Wuboidiro" {Dex+9}
Stlth    +.........             E - amulet of guardian spirit
HPRegen  0.32/turn              l - ring of protection from magic
MPRegen  0.22/turn              z - ring of see invisible

@: resistant, very quick
A: large, hooves 3, deformed body, speed 2, tough skin 3
a: Heroism, Finesse, Renounce Religion


You were on level 15 of the Dungeon.
You worshipped Okawaru.
Okawaru was exalted by your worship.
You were hungry.

You visited 4 branches of the dungeon, and saw 24 of its levels.
You also visited: Ice Cave.

You collected 2242 gold pieces.
You spent 180 gold pieces at shops.

Inventory:

Hand Weapons
 a - a +5 shortbow
   (You took it off a centaur on level 2 of the Orcish Mines)
 b - the +6 short sword of Charity (weapon) {venom, rPois Str+3}
   (You found it on level 5 of the Dungeon)

   It poisons the flesh of those it strikes.
   It affects your strength (+3).
   It protects you from poison.
 I - the +8 glaive of True Grit {flame, *Slow rN+ Str+4 Dex+4}
   (Okawaru gifted it to you on level 3 of the Lair of Beasts)

   It has been specially enchanted to burn those struck by it, causing extra
   injury to most foes and up to half again as much damage against particularly
   susceptible opponents.
   Big, fiery blades are also staple armaments of hydra-hunters.
   It affects your strength (+4).
   It affects your dexterity (+4).
   It protects you from negative energy.
   It may slow you when you take damage.
 Q - the +4 spear "Itruocom" {drain, rPois rC+}
   (You took it off a big kobold on level 9 of the Dungeon)

   A truly terrible weapon, it drains the life of those it strikes.
   It protects you from cold.
   It protects you from poison.
 W - a +2 shortbow of flaming
   (You found it in an ice cave)
Missiles
 c - 446 arrows
Armour
 r - a +1 centaur barding of cold resistance
   (Okawaru gifted it to you on level 1 of the Lair of Beasts)
 w - the +4 centaur barding "Wuboidiro" (worn) {Dex+9}
   (Okawaru gifted it to you on level 11 of the Dungeon)

   It affects your dexterity (+9).
 y - the +1 pair of gloves of Yloatol (worn) {Int+3}
   (You found it on level 3 of the Lair of Beasts)

   It affects your intelligence (+3).
 F - a +2 hat (worn)
   (You found it on level 5 of the Lair of Beasts)
 G - a +0 cloak (worn)
   (You found it on level 4 of the Lair of Beasts)
 J - a +3 ring mail of poison resistance
   (You took it off Ijyb on level 5 of the Dungeon)
 K - a +2 crystal plate armour
   (Okawaru gifted it to you on level 15 of the Dungeon)
 S - the +5 ring mail "Ziusch" (worn) {MR++ MP+9}
   (You took it off a meliai on level 4 of the Lair of Beasts)

   It affects your resistance to hostile enchantments.
   It affects your magic capacity (+9).
Jewellery
 i - an uncursed ring of protection from fire
   (You took it off a spriggan on level 5 of the Lair of Beasts)
 l - a ring of protection from magic (left hand)
   (You found it on level 1 of the Dungeon)
 z - a ring of see invisible (right hand)
   (You bought it in a shop on level 7 of the Dungeon)
 A - an uncursed ring of protection from magic
   (You found it on level 4 of the Dungeon)
 E - an amulet of guardian spirit (around neck)
   (You found it on level 5 of the Dungeon)
 R - an uncursed amulet of the acrobat {unknown}
   (You found it on level 15 of the Dungeon)
 U - an uncursed ring of resist corrosion
   (You found it on level 2 of the Lair of Beasts)
 Y - an uncursed ring of fire
   (You found it on level 6 of the Lair of Beasts)
Wands
 d - a wand of iceblast (54)
   (You found it on level 7 of the Dungeon)
 u - a wand of paralysis (8)
   (You found it on level 8 of the Dungeon)
 x - a wand of acid (27)
   (You found it on level 9 of the Dungeon)
Scrolls
 g - 9 scrolls of enchant weapon
 h - a scroll of silence
 k - a scroll of identify {@r1}
 m - 19 scrolls of remove curse {@r2}
 p - 3 scrolls of blinking
 s - a scroll of brand weapon
 t - 10 scrolls of teleportation {@r4}
 C - 4 scrolls of fear
 O - 5 scrolls of magic mapping
 P - 6 scrolls of fog
 T - 5 scrolls of immolation {!r}
Potions
 f - 6 potions of flight
 j - a potion of invisibility
 n - a potion of cancellation
 o - 5 potions of lignification {!q}
 q - 3 potions of brilliance
 v - 3 potions of ambrosia
 B - 9 potions of curing {@q1}
 D - 4 potions of mutation {!q}
 H - a potion of might
 M - 4 potions of resistance
 N - a potion of magic
 V - 3 potions of heal wounds {@q2}
 X - 3 potions of berserk rage
 Z - 4 potions of haste {@q3}
Miscellaneous
 L - a phantom mirror
Comestibles
 e - 33 rations {!d}


   Skills:
 + Level 12.9 Fighting
 + Level 11.0 Short Blades
 + Level 8.3 Polearms
 - Level 20.0 Bows
 * Level 8.0 Armour
 - Level 1.3 Dodging
 - Level 0.4 Stealth
 - Level 8.0 Invocations
 - Level 6.0 Evocations


You had 14 spell levels left.
You didn't know any spells.
Your spell library contained the following spells:

 Spells                   Type           Power        Failure   Level  Hunger
 Animate Skeleton         Necr           N/A          43%         1    ##.....
 Beastly Appendage        Tmut           #.....       43%         1    ##.....
 Freeze                   Ice            #...         43%         1    ##.....
 Magic Dart               Conj           #...         43%         1    ##.....
 Pain                     Necr           #...         43%         1    ##.....
 Shock                    Conj/Air       #...         43%         1    ##.....
 Summon Small Mammal      Summ           #...         43%         1    ##.....
 Call Imp                 Summ           #.......     56%         2    ###....
 Searing Ray              Conj           #.....       56%         2    ###....
 Sticks to Snakes         Tmut           #.......     56%         2    ###....
 Swiftness                Chrm/Air       #.......     56%         2    ###....
 Call Canine Familiar     Summ           #.......     80%         3    ####...
 Confusing Touch          Hex            #.......     80%         3    ####...
 Dazzling Flash           Conj/Hex       #.....       80%         3    ####...
 Frozen Ramparts          Ice            #.....       80%         3    ####...
 Gell's Gravitas          Tloc           #.........   80%         3    ####...
 Ozocubu's Armour         Chrm/Ice       #.......     80%         3    ####...
 Spider Form              Tmut/Pois      #.........   80%         3    ####...
 Static Discharge         Conj/Air       #.......     80%         3    ####...
 Summon Guardian Golem    Hex/Summ       #.......     80%         3    ####...
 Vampiric Draining        Necr           #.........   80%         3    ####...
 Airstrike                Air            #.........   99%         4    #####..
 Animate Dead             Necr           N/A          99%         4    #####..
 Fulminant Prism          Conj/Hex       #.........   99%         4    #####..
 Hailstorm                Conj/Ice       #.......     99%         4    #####..
 Ice Form                 Ice/Tmut       #.......     99%         4    #####..
 Iskenderun's Mystic Bla  Conj/Tloc      #.......     99%         4    #####..
 Petrify                  Tmut/Erth      #.......     99%         4    #####..
 Sticky Flame             Conj/Fire      #.......     99%         4    #####..
 Summon Ice Beast         Ice/Summ       #.......     99%         4    #####..
 Summon Lightning Spire   Summ/Air       #.......     99%         4    #####..
 Agony                    Necr           #.......     100%        5    ######.
 Blade Hands              Tmut           #.........   100%        5    ######.
 Lightning Bolt           Conj/Air       #.........   100%        5    ######.
 Metabolic Englaciation   Hex/Ice        #.........   100%        5    ######.
 Yara's Violent Unravell  Hex/Tmut       #.........   100%        5    ######.
 Ignition                 Fire           #.........   100%        8    #######
 Shatter                  Erth           #.........   100%        9    #######
 Tornado                  Air            #.........   100%        9    #######


Dungeon Overview and Level Annotations

Branches:
Dungeon (15/15)            Temple (1/1) D:5            Lair (6/6) D:9
  Swamp (0/4) Lair:4        Snake (0/4) Lair:3        Slime (0/5) Lair:6
    Orc (2/2) D:10            Elf (0/3) Orc:2        Vaults (0/5) D:14
  IceCv (visited)
 Depths: D:15

Altars:
Ashenzari
Cheibriados
Dithmenos
Elyvilon
Fedhas
Gozag
Kikubaaqudgha
Makhleb
Nemelex Xobeh
Okawaru
Qazlal
Ru
Sif Muna
Trog
Uskayaw
Wu Jian
Xom
Yredelemnul
Zin
The Shining One
Beogh
Jiyva

Shops:
D:7 =   D:15 :   Orc:2 [(%*

Annotations:
D:5 2 transporters


Innate Abilities, Weirdness & Mutations

You have hooves in place of feet.
Armour fits poorly on your strangely shaped body.
You cover ground very quickly.
You have extremely tough skin. (AC +3)


Message History

The vampire mosquito barely misses you.
You closely miss the vampire mosquito. You kick the vampire mosquito.
The harpy simulacrum claws you but does no damage.
The harpy simulacrum claws you! The harpy simulacrum freezes you!
The vampire mosquito closely misses you.
The harpy simulacrum claws you but does no damage. x2
You hit the vampire mosquito but do no damage.
Your kick misses the vampire mosquito. The vampire mosquito bites you.
The vampire mosquito draws strength from your injuries!
The harpy simulacrum barely misses you. The harpy simulacrum claws you!
The harpy simulacrum freezes you!!
* * * LOW HITPOINT WARNING * * *
You are too injured to fight recklessly!
You are too injured to fight recklessly!
You closely miss the vampire mosquito. Your kick misses the vampire mosquito.
The harpy simulacrum barely misses you.
The harpy simulacrum claws you but does no damage.
The vampire mosquito bites you but does no damage.
You barely miss the vampire mosquito. You kick the vampire mosquito.
The harpy simulacrum claws you.
* * * LOW HITPOINT WARNING * * *
The harpy simulacrum freezes you!!
* * * LOW HITPOINT WARNING * * *
The harpy simulacrum barely misses you.
The vampire mosquito bites you but does no damage.
The harpy simulacrum claws you but does no damage. x2
You feel protected.
The vampire mosquito bites you but does no damage.
The harpy simulacrum claws you!
* * * LOW HITPOINT WARNING * * *
The harpy simulacrum freezes you! You resist.
* * * LOW HITPOINT WARNING * * *
The harpy simulacrum claws you but does no damage.
The vampire mosquito barely misses you. The harpy simulacrum claws you!
* * * LOW HITPOINT WARNING * * *
The harpy simulacrum freezes you. You resist.
* * * LOW HITPOINT WARNING * * *
The harpy simulacrum barely misses you. The harpy simulacrum claws you!
* * * LOW HITPOINT WARNING * * *
The harpy simulacrum freezes you! You resist.
* * * LOW HITPOINT WARNING * * *
The harpy simulacrum claws you but does no damage.
The vampire mosquito bites you!
* * * LOW HITPOINT WARNING * * *
The vampire mosquito draws strength from your injuries!
The harpy simulacrum claws you.
* * * LOW HITPOINT WARNING * * *
The harpy simulacrum freezes you! You resist.
You die...

#......
#.................
#......
#u......#........#
#......
#.......#........# ....
#.......#........#
#u......#........#
#.......#........#
#.......#........# .
#yZ.....#........#
....##@...............#
..................<.....
########################


You could see 2 ugly things, a vampire mosquito and a harpy simulacrum.

Vanquished Creatures
  Rupert (Lair:3)
  Kirke (Lair:3)
  An ironheart preserver (D:14)
  A dire elephant (Lair:5)
  A fire dragon (D:14)
  8 hydras
  4 centaur warriors
  A catoblepas (Lair:3)
  Erica (Orc:2)
  3 two-headed ogres
  A tengu warrior (D:14)
  An ogre mage (D:15)
  9 death yaks
  Urug (D:11)
  A deep troll (D:15)
  2 unseen horrors
  A wizard (D:11)
  6 orc knights
  A lindwurm (Lair:5)
  Pikel (D:8)
  A wolf spider zombie (D:14)
  An orc sorcerer (Orc:2)
  3 deep elf magi
  3 ugly things
  A cyclops (Orc:2)
  3 ice statues (IceCv)
  Joseph (D:9)
  29 elephants
  2 torpor snails
  3 black mambas
  3 gargoyles
  13 spiny frogs
  3 rime drakes
  5 komodo dragons
  A freezing wraith (D:14)
  A troll (shapeshifter) (D:14)
  A queen bee (Lair:4)
  9 polar bears (Lair:6)
  3 meliai (Lair:4)
  9 trolls
  A tyrant leech (Lair:4)
  9 hippogriffs
  A hornet (D:13)
  17 blink frogs
  A raiju (Lair:6)
  10 slime creatures
  A meliai zombie (D:13)
  A shadow (D:12)
  Sigmund (D:5)
  A human (D:8)
  A water elemental (D:11)
  A vampire (D:13)
  A spriggan (Lair:5)
  4 fire bats
  3 wyverns
  6 hogs
  66 yaks
  2 basilisks
  Grum (D:11)
  5 hungry ghosts
  10 wargs
  14 vampire mosquitoes
  An insubstantial wisp (Lair:6)
  3 nagas
  2 swamp worms (Lair:4)
  16 hell hounds (Lair:6)
  An acid dragon (D:15)
  Duvessa (D:6)
  11 water moccasins
  5 porcupines
  36 orc warriors
  11 black bears (Lair:6)
  A hornet zombie (D:11)
  13 ice beasts
  A necrophage (D:7)
  A phantom (D:6)
  6 sky beasts
  16 wolves
  12 ogres
  21 centaurs
  18 crocodiles
  5 big kobolds
  16 bullfrogs
  2 gnoll sergeants
  2 wyvern zombies
  Dowan (D:6)
  6 scorpions
  49 killer bees
  10 wights
  2 howler monkeys
  5 electric eels
  A centaur zombie (D:7)
  8 crimson imps
  A bullfrog zombie (D:8)
  A lava snake (Lair:6)
  A quasit (D:10)
  3 hounds
  12 orc priests
  3 bullfrog skeletons
  4 jellies
  4 centaur skeletons
  A gnoll shaman (D:9)
  4 iguanas
  8 worker ants
  Ijyb (D:5)
  22 orc wizards
  6 hell rats
  A hound skeleton (D:7)
  A worker ant zombie (D:9)
  18 gnolls
  15 adders
  2 shadow imps
  12 white imps (D:11)
  3 adder zombies
  An adder skeleton (D:5)
  A worm (D:3)
  2 dart slugs (D:1)
  9 leopard geckos
  77 orcs
  5 bats
  5 giant cockroaches
  7 goblins
  3 hobgoblins
  7 jackals (D:9)
  5 quokkas
  2 ball pythons
  9 frilled lizards
  A jackal skeleton (D:4)
  A jackal zombie (D:5)
  29 kobolds
  A leopard gecko skeleton (D:7)
  3 rats
  A fungus (Lair:3)
  A plant (D:11)
874 creatures vanquished.

Vanquished Creatures (others)
  A human (Lair:4)
  An orc (Orc:2)
  2 bushes
  94 fungi
  117 plants
215 creatures vanquished.

Grand Total: 1089 creatures vanquished

Notes
Turn   | Place    | Note
-------+----------+-------------------------------------------
     0 | D:1      | dyspepsi the Centaur Hunter began the quest for the Orb.
     0 | D:1      | Reached XP level 1. HP: 17/17 MP: 1/1
   383 | D:1      | Reached XP level 2. HP: 24/24 MP: 2/2
   595 | D:1      | Reached skill level 6 in Bows
   924 | D:2      | Found a shadowy altar of Dithmenos.
   962 | D:2      | Found an iron altar of Okawaru.
   972 | D:2      | Became a worshipper of Warmaster Okawaru
  1246 | D:2      | Reached XP level 3. HP: 27/30 MP: 3/3
  1666 | D:2      | Found a basalt altar of Yredelemnul.
  1917 | D:2      | Found a stormy altar of Qazlal.
  1918 | D:2      | Noticed an earth elemental
  1919 | D:2      | Noticed a fire elemental
  1920 | D:2      | Noticed a water elemental
  1920 | D:2      | Noticed an air elemental
  2056 | D:3      | Reached XP level 4. HP: 33/37 MP: 4/4
  2181 | D:3      | Noticed an ice beast
  2253 | D:2      | Killed an ice beast
  2253 | D:2      | Reached skill level 7 in Bows
  2253 | D:2      | Reached XP level 5. HP: 28/45 MP: 5/5
  2822 | D:3      | Found a bloodstained altar of Trog.
  2917 | D:3      | Found a blossoming altar of Fedhas.
  3123 | D:4      | Reached skill level 8 in Bows
  3647 | D:4      | Reached skill level 1 in Polearms
  3988 | D:5      | Entered Level 5 of the Dungeon
  3988 | D:5      | Found a transporter.
  3988 | D:5      | Noticed Ijyb
  4135 | D:4      | Reached XP level 6. HP: 52/52 MP: 6/6
  4224 | D:5      | Found a staircase to the Ecumenical Temple.
  4468 | D:5      | Reached skill level 9 in Bows
  4473 | D:5      | Reached XP level 7. HP: 43/60 MP: 7/7
  4572 | D:5      | Reached * piety under Okawaru
  4624 | D:5      | Noticed Sigmund
  4688 | D:5      | Killed Sigmund
  4803 | D:5      | Found a bloodstained altar of Trog.
  4807 | D:5      | Got a twisted short sword
  4875 | Temple   | Entered the Ecumenical Temple
  4958 | D:5      | Reached skill level 10 in Bows
  4961 | D:5      | Reached skill level 5 in Fighting
  5002 | D:5      | Killed Ijyb
  5205 | D:5      | Noticed a hippogriff
  5215 | D:5      | Found a transporter.
  5222 | D:5      | Found a shimmering blue altar of Sif Muna.
  5222 | D:5      | Found an opulent altar of Gozag.
  5358 | D:5      | Reached ** piety under Okawaru
  5375 | D:5      | Reached XP level 8. HP: 68/68 MP: 8/8
  5399 | D:5      | Found a sacrificial altar of Ru.
  5496 | D:5      | Found a burning altar of Makhleb.
  5599 | D:5      | Found a snail-covered altar of Cheibriados.
  5743 | D:5      | Identified the +6 short sword of Charity {venom, rPois
                  | Str+3} (You found it on level 5 of the Dungeon)
  5746 | D:6      | Found a sparkling altar of Nemelex Xobeh.
  5968 | D:6      | Reached skill level 1 in Short Blades
  5968 | D:6      | Reached skill level 11 in Bows
  6062 | D:6      | Noticed Duvessa
  6062 | D:6      | Noticed Dowan
  6138 | D:6      | Killed Duvessa
  6144 | D:6      | Killed Dowan
  6317 | D:6      | Noticed a troll
  6345 | D:6      | Killed a troll
  6345 | D:6      | Reached *** piety under Okawaru
  6418 | D:6      | Reached skill level 12 in Bows
  6496 | D:6      | Found a glowing silver altar of Zin.
  6577 | D:6      | Received a gift from Okawaru
  6577 | D:6      | Reached XP level 9. HP: 64/77 MP: 9/9
  7050 | D:7      | Found Poloump's Jewellery Boutique.
  7402 | D:7      | Received a gift from Okawaru
  7641 | D:7      | Reached skill level 13 in Bows
  8097 | D:7      | Reached **** piety under Okawaru
  8107 | D:7      | Received a gift from Okawaru
  8126 | D:7      | HP: 3/79 [poisoned by a killer bee]
  8134 | D:7      | HP: 3/79 [poisoned by a killer bee]
  8603 | D:8      | Noticed Pikel
  8855 | D:8      | Reached XP level 10. HP: 86/86 MP: 10/10
  8936 | D:8      | Reached skill level 14 in Bows
  9276 | D:8      | Reached skill level 5 in Short Blades
  9599 | D:8      | Killed Pikel
  9599 | D:8      | Received a gift from Okawaru
  9822 | D:8      | Received a gift from Okawaru
 10312 | D:9      | Reached skill level 15 in Bows
 10327 | D:9      | Noticed Joseph
 10351 | D:9      | Killed Joseph
 10463 | D:9      | Identified the +4 spear "Itruocom" {drain, rPois rC+}
 10599 | D:9      | Reached ***** piety under Okawaru
 11283 | D:9      | Found a staircase to the Lair.
 11285 | D:9      | Found a shattered altar of Ashenzari.
 11539 | D:9      | Received a gift from Okawaru
 11631 | D:8      | Reached XP level 11. HP: 25/95 MP: 5/11
 12191 | D:9      | Got a masterwork whip
 12192 | D:9      | Identified the +3 whip of the Devouring Salmon {drain,
                  | *Drain rF+ Str+8} (You found it on level 9 of the Dungeon)
 12424 | Lair:1   | Entered Level 1 of the Lair of Beasts
 12739 | Lair:1   | Received a gift from Okawaru
 12968 | Lair:1   | Reached skill level 16 in Bows
 13668 | Lair:1   | Received a gift from Okawaru
 14786 | Lair:2   | Reached skill level 1 in Invocations
 14995 | Lair:2   | Reached skill level 1 in Armour
 15306 | Lair:2   | Reached skill level 17 in Bows
 15571 | Lair:2   | Noticed a six-headed hydra
 15604 | Lair:2   | Killed a six-headed hydra
 16183 | Lair:3   | Found a staircase to the Snake Pit.
 16190 | Lair:3   | Noticed an eight-headed hydra
 16550 | Lair:3   | Noticed a catoblepas
 16558 | Lair:3   | Reached skill level 10 in Fighting
 16576 | Lair:3   | Killed a catoblepas
 16576 | Lair:3   | Reached XP level 12. HP: 50/106 MP: 5/14
 17168 | Lair:3   | Killed an eight-headed hydra
 17168 | Lair:3   | Received a gift from Okawaru
 17343 | Lair:3   | Noticed a six-headed hydra
 17386 | Lair:3   | Killed a six-headed hydra
 17807 | Lair:3   | Got a pair of jewelled gloves
 17813 | Lair:3   | Identified the +1 pair of gloves of Yloatol {Int+3} (You
                  | found it on level 3 of the Lair of Beasts)
 17906 | Lair:3   | Reached skill level 1 in Evocations
 17918 | Lair:3   | Reached ****** piety under Okawaru
 17918 | Lair:3   | Received a gift from Okawaru
 17925 | Lair:3   | Got a twisted glaive {god gift}
 17928 | Lair:3   | Noticed Rupert
 17930 | Lair:3   | Paralysed by Rupert for 5 turns
 18002 | Lair:3   | Killed Rupert
 18008 | Lair:3   | Identified the +8 glaive of True Grit {flame, *Slow rN+
                  | Str+4 Dex+4} (Okawaru gifted it to you on level 3 of the
                  | Lair of Beasts)
 18081 | Lair:3   | Noticed an eight-headed hydra
 18101 | Lair:3   | Killed an eight-headed hydra
 18848 | Lair:4   | Received a gift from Okawaru
 19276 | Lair:4   | Received a gift from Okawaru
 19292 | Lair:4   | Reached skill level 5 in Invocations
 19809 | Lair:4   | Noticed a death yak
 20040 | Lair:4   | Reached skill level 18 in Bows
 20087 | Lair:4   | Identified the +5 ring mail "Ziusch" {MR++ MP+9}
 20126 | Lair:4   | Reached XP level 13. HP: 67/114 MP: 11/16
 20542 | Lair:4   | Noticed Kirke
 20594 | Lair:4   | Noticed a sphinx
 21456 | Lair:3   | Noticed a sphinx
 21887 | Lair:3   | Killed Kirke
 21887 | Lair:3   | Received a gift from Okawaru
 22565 | Lair:4   | Reached skill level 5 in Evocations
 23528 | Lair:4   | Found a staircase to the Swamp.
 23750 | Lair:4   | Received a gift from Okawaru
 24185 | Lair:4   | Received a gift from Okawaru
 24457 | Lair:5   | Reached skill level 5 in Polearms
 25216 | Lair:5   | Received a gift from Okawaru
 25222 | Lair:5   | Got a fading centaur barding {god gift}
 25233 | Lair:5   | Identified the +2 centaur barding of Hopscotch {Harm rPois
                  | Int-5 Stlth+} (Okawaru gifted it to you on level 5 of the
                  | Lair of Beasts)
 26677 | Lair:5   | Noticed a dire elephant
 26902 | Lair:5   | Killed a dire elephant
 26902 | Lair:5   | Reached XP level 14. HP: 124/124 MP: 19/19
 27578 | Lair:6   | Entered Level 6 of the Lair of Beasts
 29680 | Lair:5   | Reached skill level 5 in Armour
 29918 | Lair:6   | Reached skill level 19 in Bows
 29932 | Lair:6   | Received a gift from Okawaru
 31496 | Lair:6   | Received a gift from Okawaru
 32064 | Lair:6   | Identified the Catalogue of Conjuration
 32973 | Lair:6   | Found a viscous altar of Jiyva.
 32973 | Lair:6   | Found a staircase to the Slime Pits.
 33153 | D:10     | Entered Level 10 of the Dungeon
 33454 | D:9      | Reached skill level 10 in Short Blades
 34436 | D:10     | Found a staircase to the Orcish Mines.
 34869 | Orc:1    | Entered Level 1 of the Orcish Mines
 35336 | Orc:2    | Entered Level 2 of the Orcish Mines
 35548 | Orc:1    | Noticed Erica
 36555 | Orc:2    | Killed Erica
 37475 | Orc:2    | Reached XP level 15. HP: 82/132 MP: 16/21
 38216 | Orc:2    | Found a roughly hewn altar of Beogh.
 39098 | Orc:2    | Reached skill level 20 in Bows
 39278 | Orc:2    | Found a staircase to the Elven Halls.
 39891 | Orc:2    | Found Sararozy's Antique Weapon Emporium.
 39891 | Orc:2    | Found Pura's Food Shop.
 39893 | Orc:2    | Found Vaut's Assorted Antiques.
 39895 | Orc:2    | Found Xanopsap's Armour Shoppe.
 40178 | D:11     | Noticed Urug
 40187 | D:11     | Killed Urug
 40187 | D:11     | Received a gift from Okawaru
 40267 | D:11     | Found a frozen archway.
 40323 | IceCv    | Entered an ice cave
 41668 | D:11     | Received a gift from Okawaru
 41672 | D:11     | Got a smoking centaur barding {god gift}
 41683 | D:11     | Identified the +4 centaur barding "Wuboidiro" {Dex+9}
                  | (Okawaru gifted it to you on level 11 of the Dungeon)
 41911 | D:11     | Noticed Grum
 41932 | D:11     | Killed Grum
 44854 | D:7      | Bought an uncursed ring of see invisible for 180 gold
                  | pieces
 46696 | D:14     | Found a gate to the Vaults.
 46915 | D:15     | Entered Level 15 of the Dungeon
 46949 | D:15     | Received a gift from Okawaru
 47291 | D:15     | Found Vyjydgho's Book Shoppe.
 47450 | D:15     | Received a gift from Okawaru
 47815 | D:15     | HP: 3/134 [vampire mosquito (7)]
 47815 | D:15     | Slain by a harpy simulacrum

Illustrated notes

Levels and vault maps discovered:
D:1:      lemuel_arrival_funnel, layout_loops_cross
D:2:      layout_basic, nicolae_qazlal_style_of_elements, marbit_many_paths,
          grunt_dithmenos_smoke, serial_forest, infiniplex_forest_end_2,
          infiniplex_forest_lined_room_3, infiniplex_forest_clump_tiny,
          infiniplex_forest_lined_3, infiniplex_forest_lined_corner,
          infiniplex_forest_zigzag_1, infiniplex_forest_straight_1,
          first_ration, okawaru_ov_weapons_minmay
D:3:      layout_rooms, fedhas_altar_fruit_tree, trog_butcher_becter
D:4:      layout_rooms
D:5:      layout_rooms, lemuel_coloured_pillars_altar, bloody_trog,
          nicolae_ru_sacrificial_ziggurat, gammafunk_temple_overflow_arena,
          kennysheep_mini, minmay_temple_entry_sparse_star, uniq_ijyb,
          uniq_sigmund
D:6:      layout_loops_ring, kennysheep_mini_moat,
          nemelex_xobeh_ov_fountains_minmay, minivault_19, uniq_duvessa
D:7:      layout_loops_cross, serial_shops, shop
D:8:      layout_cave_pods, grunt_livestock, uniq_pikel
D:9:      layout_gridville, nicolae_overflow_crystal_walls, lair_entry_dummy,
          uniq_joseph
D:10:     layout_basic, orc_0_dummy
D:11:     layout_basic, portal_ice_cave_entry_imps, serial_bayou,
          serial_bayou_pond_e, serial_bayou_crossing, serial_bayou_lagoon_a,
          serial_bayou_shore_b, minmay_librarian, uniq_grum, uniq_urug
D:12:     layout_stronghold
D:13:     layout_loops_corners, minmay_lizard_king
D:14:     layout_basic, skrybe_vaults_entry_preservation,
          infiniplex_staircase_9_rooms
D:15:     hangedman_depths_entry_civil_slaughter, layout_long_grid,
          serial_shops, shop, nicolae_twisting_strands
Temple:   dpeg_three_leaves_temple
Lair:1:   layout_misc_corridors, serial_forest, infiniplex_forest_straight_5,
          infiniplex_forest_lined_room_, infiniplex_forest_lined_room_2,
          infiniplex_forest_clump_small, infiniplex_forest_clump_long,
          dpeg_stationary_puzzle
Lair:2:   layout_regular_city, grunt_megastairs_1
Lair:3:   layout_small_grid, minmay_snake_entry_guardpost_small,
          grunt_megastairs_4, lemuel_fruit_fields, serial_bayou_shore_a,
          uniq_rupert
Lair:4:   regret_index_wax_grids, layout_regular_city, minmay_swamp_entry_worms,
          uniq_kirke
Lair:5:   mu_elephants_graveyard, layout_layer_cave, beast_lair_carwin_3
Lair:6:   hangedman_lair_caniforms_friends, layout_gridlike,
          dpeg_slime_entry_enclosed_altar, enter_volcano_2, pond,
          lemuel_fruit_tree
Orc:1:    layout_caves, uniq_erica
Orc:2:    st_orc_rangers, layout_diamond_mine, basic_altar,
          guppyfry_library_mini

Skill      XL: |  1  2  3  4  5  6  7  8  9 10 11 12 13 14 15 |
---------------+----------------------------------------------+-----
Bows           | 6 7 8 9 10 12 13 15 17 18 19 20 | 20.0
Fighting       | 3 4 5 6 7 8 10 11 12 | 12.9
Polearms       | 1 2 3 4 5 6 8 |  8.3
Short Blades   | 2 4 6 7 8 9 10 11 | 11.0
Invocations    | 3 5 6 8 |  8.0
Armour         | 2 3 4 5 8 |  8.0
Evocations     | 4 6 |  6.0
Dodging        | |  1.3
Stealth        | |  0.4

Action                   |  1- 3 |  4- 6 |  7- 9 | 10-12 | 13-15 || total
-------------------------+-------+-------+-------+-------+-------++-------
Melee: Short sword       |   103 |     2 |   152 |   482 |  1041 ||  1780
       Kick              |    15 |     3 |    42 |   151 |   413 ||   624
       Trident           |       |    75 |       |       |       ||    75
       Unarmed           |       |       |       |       |     1 ||     1
       Shortbow          |       |       |       |       |    12 ||    12
 Fire: Shortbow          |    19 |   109 |   268 |   500 |  2281 ||  3177
Throw: Dart              |       |       |       |     2 |       ||     2
       Throwing net      |       |       |       |     1 |       ||     1
Invok: Finesse           |       |       |       |       |     1 ||     1
Evoke: Wand              |       |       |       |       |     1 ||     1
  Use: Scroll            |       |     1 |     4 |    12 |    22 ||    39
       Potion            |       |       |     1 |       |     7 ||     8
  Eat: Chunk             |     2 |     6 |    11 |    12 |    36 ||    67
       Ration            |       |       |     1 |     7 |    10 ||    18
Armor: Leather armour    |    48 |    20 |       |       |       ||    68
       Ring mail         |       |       |    54 |   213 |   826 ||  1093
       Robe              |       |       |     4 |       |       ||     4
       Plate armour      |       |       |       |       |   377 ||   377
Dodge: Dodged            |    67 |    50 |    72 |   181 |   438 ||   808
